Map: Triton LE

Players

Atom

  • Race: Zerg Zerg
  • League: Gold
  • Spawn Location: 11:00

bigbubbadave - Winner!

  • Race: Protoss Protoss
  • Spawn Location: 5:00

VOD

Have the link to the VOD?

Description

Time

  • Played on: Feb. 9, 2020, 8:13 p.m.
  • Length: 8:33
Show
View Real Time Build Order
Export as new Build Order

Atom Zerg 

Build Orders: Pool First 

Get SALT Encoding   

  12  0:01  Drone  
  13  0:14  Overlord  
  13  0:17  Drone  
  14  0:32  Drone  
  14  0:33  Drone  
  16  0:36  Drone  
  17  0:46  Spawning Pool  
  16  0:52  Drone, Extractor  
  16  1:14  Hatchery  
  16  1:18  Drone  
  16  1:19  Drone  
  17  1:26  Drone  
  17  1:30  Drone  
  19  1:41  Overlord  
  19  1:49  Queen  
  19  1:52  Zergling x2  
  22  1:58  Metabolic Boost  
  22  2:02  Drone  
  24  2:15  Drone  
  24  2:25  Queen  
  24  2:29  Zergling x4  
  28  2:36  Overlord  
  28  2:46  Drone  
  28  2:47  Drone  
  30  2:58  Zergling x2  
  30  2:59  Zergling x2  
  32  3:06  Drone x2  
  32  3:10  Hatchery  
  33  3:16  Drone x4  
  36  3:41  Drone x7  
  37  3:47  Queen  
  44  3:51  Overlord  
  43  4:08  Drone  
  43  4:09  Queen  
  46  4:20  Zergling x2  
  46  4:21  Zergling x14  
  52  4:32  Queen  
  52  4:34  Drone x4  
  58  4:45  Spine Crawler  
  58  4:47  Spine Crawler  
  56  4:54  Zergling x4  
  57  5:22  Extractor  
  57  5:23  Drone, Overlord  
  57  5:24  Overlord  
  57  5:30  Extractor  
  57  5:31  Queen, Extractor  
  57  5:34  Extractor  
  57  5:35  Lair  
  56  5:37  Drone, Extractor  
  56  5:38  Drone  
  57  5:54  Pneumatized Carapace  
  57  6:08  Drone x6  
  63  6:33  Drone x8  
  63  6:34  Drone x3  
  63  6:35  Overlord x4  
  74  6:42  Hatchery  
  73  6:54  Overseer  
  73  7:03  Spire  
  72  7:08  Hydralisk Den  
  71  7:33  Hatchery  
  66  7:56  Zergling x2  
  66  7:57  Zergling x38  
Show
View Real Time Build Order
Export as new Build Order

bigbubbadave Protoss - Winner!

Build Orders: 1 Gate Expand 

Get SALT Encoding   

  12  0:01  Probe  
  13  0:13  Probe  
  14  0:21  Pylon  
  14  0:25  Probe  
  15  0:44  Gateway  
  15  0:45  Probe (Chrono Boost)  
  16  0:55  Assimilator, Probe (Chrono Boost)  
  17  1:00  Probe (Chrono Boost)  
  18  1:11  Probe  
  19  1:23  Probe  
  20  1:28  Nexus  
  20  1:42  Cybernetics Core  
  20  1:48  Probe  
  20  1:51  Pylon  
  21  1:55  Assimilator  
  21  2:05  Probe  
  22  2:18  Warp Gate, Probe  
  22  2:19  Adept  
  25  2:27  Robotics Facility  
  25  2:32  Probe (Chrono Boost)  
  26  2:42  Probe (Chrono Boost)  
  26  2:44  Probe (Chrono Boost)  
  28  2:51  Probe (Chrono Boost)  
  28  2:53  Probe (Chrono Boost)  
  28  2:55  Sentry  
  28  2:56  Pylon, Probe (Chrono Boost)  
  32  3:08  Probe  
  32  3:09  Probe  
  32  3:11  Warp Prism (Chrono Boost)  
  36  3:22  Stalker (Chrono Boost)  
  36  3:24  Probe x2  
  40  3:36  Pylon, Probe  
  26  4:08  Zealot  
  28  4:10  Immortal (Chrono Boost)  
  30  4:43  Gateway x2  
  30  4:45  Gateway  
  30  4:47  Gateway  
  30  4:54  Gateway  
  30  5:04  Adept  
  28  5:23  Probe  
  28  5:24  Probe  
  30  5:37  Shield Battery  
  30  5:38  Gateway  
  30  5:39  Probe (Chrono Boost)  
  30  5:42  Probe (Chrono Boost)  
  32  5:48  Sentry  
  34  5:53  Sentry x3  
  34  5:57  Probe x2  
  42  6:09  Probe x2  
  44  6:16  Immortal (Chrono Boost)  
  44  6:21  Probe  
  44  6:24  Probe  
  50  6:39  Probe x2  
  52  6:46  Stalker  
  52  6:47  Stalker x2  
  56  6:50  Zealot  
  60  7:06  Shield Battery  
  60  7:17  Pylon  
  60  7:20  Pylon  
  60  7:21  Pylon  
  60  7:23  Pylon  
  60  7:35  Zealot  
  60  7:36  Zealot x4  
  70  7:56  Zealot x4  
  66  8:29  Zealot x4  
  66  8:30  Zealot x3  
Tags
 
Add a new tag
Caveats
  • Supply blocks, unpowered buildings, or Contaminate may cause inaccurate times.
  • Supply counts are checked every 10 seconds.